 Dungeon Crawl Stone Soup version 0.32-a0-768-g0f6f1dd4b9 (webtiles) character file.

Game seed: 14223195283238374463

15199703 backslashecho the Axe Maniac (level 27, 246/273 HPs)
             Began as a Mountain Dwarf Berserker on Mar 16, 2024.
             Was the Champion of Zin.
             Escaped with the Orb
             ... and 15 runes on Mar 19, 2024!
             The game lasted 07:23:14 (102714 turns).

backslashecho the Axe Maniac (MDBe)               Turns: 102714, Time: 07:23:16

Health: 246/273    AC: 54    Str: 29    XL:     27
Magic:  40/40      EV: 14    Int: 14    God:    Zin [******]
Gold:   3617       SH: 32    Dex: 18    Spells: 26/26 levels left

rFire   + + +        a - +8 mithril axe "Arga" {speed, Will+}
rCold   + + +        V - +6 tower shield {rC+ rF+}
rNeg    + + +        i - +12 gold dragon scales
rPois   +            e - +2 helmet of Fortitude {rElec Slay+2 SInv Stlth+}
rElec   +            s - scarf "Weczyjau" {+Inv, rF+ rN+ Int+2 Stlth+}
rCorr   +            d - +2 pair of gloves of Grace {-Cast rC+ Dex+4}
SInv    +            h - +1 pair of boots {Fly}
Will    +++++        N - amulet of regeneration Stlth
                     n - ring "Dycoiwkueje" {^Contam Will++ AC+4 SInv Stlth+}
HPRegen 1.45/turn    l - ring "Vulemuk" {^Drain +Blink rN++ rCorr Int+2, =R}
MPRegen 0.27/turn

%: no spellcasting
@: flying, glowing, studying 2 skills
A: runic magic, artefact enchanting, strong 1
0: Orb of Zot
}: 15/15 runes: decaying, slimy, silver, golden, iron, obsidian, icy, bone,
abyssal, demonic, glowing, magical, fiery, dark, gossamer
a: Renounce Religion, Evoke Blink, Evoke Invisibility, Recite, Vitalisation,
Imprison, Sanctuary, Donate Gold


You escaped.
You worshipped Zin.
Zin was exalted by your worship.
You visited 18 branches of the dungeon, and saw 88 of its levels.
You visited Pandemonium 1 time, and saw 17 of its levels.
You visited the Abyss 1 time.
You visited 1 bazaar.
You also visited: Trove, Bailey, Gauntlet, Ice Cave and Volcano.

You collected 17460 gold pieces.
You spent 5144 gold pieces at shops.
You donated 8699 gold pieces to Zin.

Inventory:

Hand Weapons
 a - the +8 mithril axe "Arga" (weapon) {speed, Will+}
   (You bought it in a shop on level 4 of the Dungeon)

   Will+:     It increases your willpower.
 b - a +9 broad axe of holy wrath
Missiles
 k - 5 silver javelins
 D - 2 throwing nets (quivered)
Armour
 d - the +2 pair of gloves of Grace (worn) {-Cast rC+ Dex+4}
   (You found it on level 4 of the Spider Nest)

   Dex+4:     It affects your dexterity (+4).
   rC+:       It protects you from cold.
   -Cast:     It prevents spellcasting.
 e - the +2 helmet of Fortitude (worn) {rElec Slay+2 SInv Stlth+}
   (You found it in Pandemonium)

   Slay+2:    It affects your accuracy & damage with ranged weapons and melee
   (+2).
   rElec:     It insulates you from electricity.
   SInv:      It lets you see invisible.
   Stlth+:    It makes you more stealthy.
 h - a +1 pair of boots of flying (worn)
 i - +12 gold dragon scales (worn)
 s - the scarf "Weczyjau" (worn) {+Inv, rF+ rN+ Int+2 Stlth+}
   (You acquired it in a Gauntlet)

   Int+2:     It affects your intelligence (+2).
   rF+:       It protects you from fire.
   rN+:       It protects you from negative energy.
   Stlth+:    It makes you more stealthy.
 F - the +2 pair of boots of Poqiaqur {+Blink rElec}
   (You found it on level 4 of the Lair of Beasts)

   rElec:     It insulates you from electricity.
   +Blink:    It lets you blink.
 V - a +6 tower shield of resistance (worn)
Jewellery
 j - the ring "Xiwkumpo" {Fly rCorr Str+3 Int+3 Dex-3}
   (You took it off a boggart on level 14 of the Dungeon)

   [ring of flight]

   Str+3:     It affects your strength (+3).
   Int+3:     It affects your intelligence (+3).
   Dex-3:     It affects your dexterity (-3).
   Fly:       It grants you flight.
   rCorr:     It protects you from acid and corrosion.
 l - the ring "Vulemuk" (right hand) {^Drain +Blink rN++ rCorr Int+2, =R}
   (You acquired it on level 5 of the Lair of Beasts)

   [ring of resist corrosion]

   Int+2:     It affects your intelligence (+2).
   rN++:      It greatly protects you from negative energy.
   +Blink:    It lets you blink.
   rCorr:     It protects you from acid and corrosion.
   ^Drain:    It drains your maximum health when unequipped.
 n - the ring "Dycoiwkueje" (left hand) {^Contam Will++ AC+4 SInv Stlth+}
   (You found it in Pandemonium)

   [ring of protection]

   AC+4:      It affects your AC (+4).
   Will++:    It greatly increases your willpower.
   SInv:      It lets you see invisible.
   ^Contam:   It causes magical contamination when unequipped.
   Stlth+:    It makes you more stealthy.
 N - an amulet of regeneration (around neck)
Wands
 v - a wand of mindburst (57)
 E - a wand of digging (35)
 G - a wand of warping (48)
Scrolls
 f - 5 scrolls of fog
 p - 11 scrolls of fear
 r - 8 scrolls of immolation
 t - 4 scrolls of poison
 u - 20 scrolls of teleportation
 y - 2 scrolls of silence
 A - 3 scrolls of butterflies
 H - 8 scrolls of noise
 M - 7 scrolls of vulnerability
 T - 5 scrolls of blinking
Potions
 c - 2 potions of might
 g - 4 potions of invisibility
 o - a potion of haste
 x - 7 potions of heal wounds
 z - 12 potions of mutation
 C - 13 potions of curing
 K - 4 potions of cancellation
 U - 7 potions of resistance
 W - 5 potions of magic
 X - 5 potions of enlightenment
 Y - 7 potions of berserk rage
Miscellaneous
 w - a lightning rod (4/4)
 B - a phantom mirror
 O - a sack of spiders
 R - a phial of floods
 S - a condenser vane


   Skills:
 O Level 27 Fighting
 O Level 27 Axes
 + Level 14.7 Throwing
 O Level 27 Armour
 + Level 15.6 Dodging
 O Level 27 Shields
 O Level 27 Invocations
 O Level 27 Evocations


You had 26 spell levels left.
You didn't know any spells.
Your spell library contained the following spells:

 Spells                   Type           Power      Damage    Failure   Level
 Apportation              Tloc           0%         N/A       41%         1
 Necrotise                Necr           0%         1d4       41%         1
 Sandblast                Erth           0%         2d4       41%         1
 Shock                    Conj/Air       0%         1d3       41%         1
 Sting                    Conj/Alch      0%         1d3       41%         1
 Summon Small Mammal      Summ           0%         N/A       41%         1
 Lesser Beckoning         Tloc           0%         N/A       54%         2
 Scorch                   Fire           0%         2d5       54%         2
 Call Canine Familiar     Summ           0%         N/A       78%         3
 Dazzling Flash           Conj/Hex       0%         N/A       78%         3
 Frozen Ramparts          Ice            0%         1d1       78%         3
 Gell's Gravitas          Tloc           0%         N/A       78%         3
 Inner Flame              Hex/Fire       0%         N/A       78%         3
 Ozocubu's Armour         Ice            0%         N/A       78%         3
 Sigil of Binding         Hex            0%         N/A       78%         3
 Swiftness                Air            0%         N/A       78%         3
 Teleport Other           Tloc           0%         N/A       78%         3
 Tukima's Dance           Hex            0%         N/A       78%         3
 Airstrike                Air            0%         2d(0-16)  99%         4
 Animate Armour           Summ/Erth      0%         N/A       99%         4
 Animate Dead             Necr           0%         N/A       99%         4
 Cause Fear               Hex            0%         N/A       99%         4
 Dimensional Bullseye     Hex/Tloc       0%         N/A       99%         4
 Flame Wave               Conj/Fire      0%         2d4       99%         4
 Olgreb's Toxic Radiance  Alch           0%         N/A       99%         4
 Passage of Golubria      Tloc           0%         N/A       99%         4
 Sticky Flame             Fire/Alch      0%         2d4       99%         4
 Vhi's Electric Charge    Tloc/Air       0%         N/A       99%         4
 Arcjolt                  Conj/Air       0%         1d10      100%        5
 Fireball                 Conj/Fire      0%         3d3       100%        5
 Metabolic Englaciation   Hex/Ice        0%         N/A       100%        5
 Silence                  Hex/Air        0%         N/A       100%        5
 Yara's Violent Unravell  Hex/Alch       0%         3d3       100%        5
 Bombard                  Conj/Erth      0%         9d1       100%        6
 Conjure Ball Lightning   Conj/Air       0%         3x3d6     100%        6
 Plasma Beam              Fire/Air       0%         2x1d10    100%        6
 Sculpt Simulacrum        Ice/Alch       0%         N/A       100%        6
 Starburst                Conj/Fire      0%         6d3       100%        6
 Summon Cactus Giant      Summ           0%         N/A       100%        6
 Discord                  Hex            0%         N/A       100%        8
 Disjunction              Tloc           0%         N/A       100%        8
 Ignition                 Fire           0%         3d3       100%        8
 Lehudib's Crystal Spear  Conj/Erth      0%         10d2      100%        8
 Maxwell's Capacitive Co  Air            0%         ∞         100%        8
 Dragon's Call            Summ           0%         N/A       100%        9


Dungeon Overview and Level Annotations

Branches:
Dungeon (15/15)            Temple (1/1) D:5            Lair (5/5) D:11
  Swamp (4/4) Lair:2       Spider (4/4) Lair:3        Slime (5/5) Lair:5
    Orc (2/2) D:10            Elf (3/3) Orc:2        Vaults (5/5) D:13
  Crypt (3/3) Vaults:2       Tomb (3/3) Crypt:3      Depths (4/4) D:15
   Hell (visited)             Dis (7/7) Hell            Geh (7/7) Hell
    Coc (7/7) Hell            Tar (7/7) Hell            Zot (5/5) Depths:4
 Bailey (visited)           IceCv (visited)         Volcano (visited)
Gauntlet (visited)

Altars:
Ashenzari
Cheibriados
Dithmenos
Elyvilon
Fedhas
Gozag
Hepliaklqana
Kikubaaqudgha
Makhleb
Nemelex Xobeh
Okawaru
Qazlal
Ru
Sif Muna
Trog
Uskayaw
Vehumet
Wu Jian
Xom
Yredelemnul
Zin
The Shining One
Beogh
Jiyva

Shops:
D:4 *   D:8 :[(([   D:12 ?   D:13 (   Orc:2 ([*=   Elf:3 *

Portals:
Hell: Depths:1 Depths:2 Depths:3 Depths:4
Abyss: Depths:1 Depths:2 Depths:3 Depths:4
Pandemonium: Depths:2 Depths:3
Ziggurat: Depths:1

Annotations:
D:15 1 runed translucent door, exclusion: door
Swamp:2 Roxanne
Elf:2 3 runed translucent doors, exclusion: 3 doors
Tomb:3 exclusions: death scarab and 1 more exclusion
Coc:7 Antaeus


Innate Abilities, Weirdness & Mutations

Your spellcasting is much less encumbered by armour.
You can use scrolls of enchantment on lesser artefacts.
Your muscles are strong. (Str +4, Int/Dex -1)


Message History

Level annotation: 1 runed translucent door, exclusion: door
There is a staircase to the Depths here.
Things that are here:
a +0 rapier; an elf skeleton
Items here: )) [ ÷.
You see here 5 large rocks.
There is an open door here.
There is a stone staircase leading up here.
You fly upwards.
There is a stone staircase leading down here.
You see here a fire dragon skeleton.
There is a stone staircase leading up here.
You fly upwards.
There is a stone staircase leading down here.
There is a stone staircase leading up here.
There is a stone staircase leading up here.
There is a stone staircase leading up here.
You fly upwards.
There is a stone staircase leading down here.
There is a stone staircase leading up here.
You fly upwards.
There is a stone staircase leading down here.
There is a stone staircase leading up here.
You fly upwards.
There is a stone staircase leading down here.
There is a stone staircase leading up here.
You fly upwards.
There is a stone staircase leading down here.
You see here an amulet of the acrobat.
There is a stone staircase leading up here.
You fly upwards.
There is a stone staircase leading down here.
There is a stone staircase leading up here.
You fly upwards.
There is a stone staircase leading down here.
There is a stone staircase leading up here.
You fly upwards.
There is a stone staircase leading down here.
You see here a +0 giant club.
There is a stone staircase leading up, spattered with blood here.
You fly upwards.
There is a stone staircase leading down here.
There is a stone staircase leading up here.
You fly upwards.
There is a stone staircase leading down here.
There is a stone staircase leading up here.
You fly upwards.
There is a stone staircase leading down here.
A rust devil comes into view.
The rust devil screeches!
There is a stone staircase leading up here.
You fly upwards.
There is a stone staircase leading down here.
You see here a +0 dagger.
There is a stone staircase leading up here.
You fly upwards.
There is a stone staircase leading down here.
There is an open door here.
A green death comes into view.
You hit the green death.
The green death is lightly wounded.
You slice the green death!!
The green death is moderately wounded.
You slash the green death!
The green death is heavily wounded.
The green death gestures at you.
The bolt of poison hits you but does no damage.
You resist.
You slash the green death!
The green death is severely wounded.
You slash the green death!
The green death is almost dead.
You slice the green death!!
You kill the green death!
No target in view!
A seraph and a cherub come into view.
The seraph is wielding a +6 great sword of flaming.
The cherub is wielding a +3 scimitar of flaming.
The cherub's human head shouts!
The seraph gestures.
The cherub sings a powerful hymn!
The angels go into a battle-frenzy!
Blink to where?
Press: ? - help, Dir - move target
As you read the scroll of blinking, it crumbles to dust.
The cherub's lion head roars!
The angel dissolves into sparkling lights!
The daeva dissolves into sparkling lights! x2
The seraph shouts a warning to its allies!
The daeva calls down the wrath of the Shining One upon you.
The Shining One smites you!
The cherub sings a powerful hymn!
The cherub goes into a battle-frenzy!
The daeva calls down the wrath of the Shining One upon you.
The Shining One smites you!
The cherub unwields a +3 scimitar of flaming.
It stops flaming.
The cherub wields a +0 longbow.
The cherub shoots an arrow.
You block the arrow.
You take 28 damage, and have 245/273 hp.
The seraph gestures.
The seraph begins to accept its allies' injuries.
You have escaped!

############# #### #...........#
#..# #.##############'##
#...#~~~≈≈~~≈§.@..♣♣♣♣ #########
#.#.'..≈≈≈~PP~~...AA<♣♣#...†....
#.###....~≈PPP~~~.A...♣#...†....
#.# #♣[...~~~PPP≈~.A...#..######
#.# ♣♣.....~~~~≈≈~.A..'.## #.#
♣♣♣.....P..≈≈A~~≈### # #.#
######'######### ## #.# #.##.#
#.# ##. ##.# #.##.###.# ##.#


You could see a seraph (strong, catching breath), 2 daevas, an angel (summoned,
strong, sheltered) and 2 cherubim.

Vanquished Creatures
  Cerebov (Pan)
  the Royal Jelly (Slime:5)
  Asmodeus (Geh:7)
  Mnoleg (Pan)
  Lom Lobon (Pan)
  Ignacio (Pan)
  the Serpent of Hell (Coc:7)
  Gloorx Vloq (Pan)
  3 pandemonium lords (Pan)
  Dispater (Dis:7)
  9 ancient liches
  Khufu (Crypt:1)
  Frederick (Vaults:2)
  8 orbs of fire
  6 dread liches
  Mara (Vaults:3)
  Mennas (Vaults:2)
  A juggernaut (Dis:7)
  The ghost of Cein the Devastator, a veteran DgCj (Depths:2)
  Boris (twice) (Vaults:1 Depths:3)
  6 royal mummies
  Bai Suzhen (Swamp:3)
  7 Killer Klowns
  12 shard shrikes
  Saint Roka (Vaults:3)
  Parghit (Zot:4)
  30 caustic shrikes
  Geryon (Hell)
  Margery (Vaults:3)
  5 curse toes
  17 golden dragons
  11 bone dragons
  Jory (Crypt:3)
  8 profane servitors
  Arachne (Spider:2)
  A shard shrike zombie (Crypt:3)
  14 Tzitzimimeh
  15 Brimstone Fiends
  19 doom hounds
  A spectral shard shrike (Tar:5)
  5 electric golems
  5 hellephants
  7 iron giants
  28 tentacled monstrosities
  14 Hell Sentinels
  Jorgrun (Spider:1)
  Asterion (Spider:4)
  14 Ice Fiends
  A shard shrike skeleton (Crypt:3)
  15 tainted leviathans
  19 titans
  A deep elf blademaster (Elf:3)
  17 searing wretches
  14 liches
  28 Orb Guardians
  A deep elf master archer (Elf:3)
  A walking frostbound tome (Depths:2)
  6 death cobs
  3 quicksilver dragons
  Grunn (Depths:2)
  17 sphinxes
  2 tentacled starspawn (Abyss:3)
  20 Executioners (Pan)
  16 acid blobs
  Frances (Swamp:2)
  Kirke (D:14)
  28 ancient champions
  Agnes (Spider:2)
  2 thorn hunters (Swamp:4)
  5 azure jellies
  13 shadow dragons
  2 revenants (Crypt:1)
  Donald (Vaults:2)
  15 storm dragons
  4 fenstrider witches
  2 nagarajas (Pan)
  6 draconian monks
  9 tengu reavers
  10 rockslimes
  7 narguns
  11 protean progenitors
  17 fire giants
  13 frost giants
  5 demonspawn warmongers (Pan)
  12 vault wardens
  4 emperor scorpions
  3 draconian knights
  11 shard shrike simulacra
  10 ghost moths
  4 quicksilver elementals
  7 deep elf elementalists
  5 draconian stormcallers
  6 deep elf sorcerers
  6 draconian scorchers
  Louise (Swamp:2)
  6 draconian shifters
  31 balrugs
  5 curse skulls
  3 iron dragons
  A spectral juggernaut (Tar:4)
  4 spriggan defenders
  7 orc warlords
  6 ghouls
  19 reapers
  6 broodmothers (Spider:4)
  5 draconian annihilators
  9 quicksilver oozes
  7 demonspawn corrupters (Pan)
  2 demonspawn blood saints (Pan)
  3 formless jellyfish
  9 ironbound preservers
  10 cacodemons (Pan)
  34 stone giants
  2 juggernaut skeletons (Pan)
  4 ironbound thunderhulks
  4 caustic shrike skeletons
  14 very ugly things
  23 elemental wellsprings
  8 vampire knights
  3 demonspawn black suns (Pan)
  12 black draconians
  9 green draconians
  A minotaur (Gauntlet)
  4 deep elf demonologists (Elf:3)
  5 eleionomae
  5 red draconians
  2 bennus (Tomb:2)
  7 wendigos
  11 deep elf death magi
  8 deep elf annihilators
  28 war gargoyles
  17 putrid mouths
  5 lorocyprocas
  A spectral titan (Tar:4)
  12 white draconians
  7 yellow draconians
  7 bunyips
  5 dire elephants
  5 eidola
  7 spark wasps
  10 purple draconians
  Snorg (D:14)
  10 blizzard demons
  9 iron golems
  5 jiangshi (Crypt:2)
  14 ettins
  8 entropy weavers
  3 crystal guardians (Crypt:3)
  12 green deaths
  2 spectral quicksilver dragons
  8 fire dragons
  13 mummy priests
  14 yaktaur captains
  5 deep elf high priests
  An entropy weaver (shapeshifter) (D:15)
  Harold (Lair:2)
  2 spectral spriggans
  3 spriggan zombies
  A fenstrider witch zombie (Crypt:1)
  A spriggan skeleton (Crypt:3)
  4 juggernaut simulacra
  9 rakshasas
  9 great orbs of eyes
  11 caustic shrike simulacra
  2 ghost crabs (Swamp:3)
  27 hydras
  12 spriggan air magi
  13 ice dragons
  29 vault guards
  3 ogre magi
  3 jorogumos
  5 alligators
  3 radroaches
  13 boulder beetles
  A merfolk aquamancer (Crypt:2)
  13 salamander tyrants
  A fenstrider witch skeleton (Crypt:2)
  7 stokers
  5 centaur warriors
  18 dancing weapons
  A death knight (D:11)
  A deep troll shaman (Depths:2)
  4 deep troll earth magi
  19 two-headed ogres
  8 ironbound frosthearts
  2 sphinx skeletons
  2 vampire magi (Crypt:2)
  13 death scarabs
  17 hell hogs
  2 spectral dire elephants
  A spectral naga (Tar:3)
  A titan zombie (Crypt:3)
  3 tengu warriors
  An Orb Guardian skeleton (Crypt:2)
  3 shock serpents (Pan)
  2 occultists
  9 orc high priests
  2 thrashing horrors (Abyss:1)
  13 demonic crawlers
  4 spriggan berserkers
  2 death yaks
  Urug (D:11)
  38 hell knights
  11 spriggans
  39 sun demons
  9 deep elf knights
  23 soul eaters
  2 wretched stars (Abyss:1)
  A spatial maelstrom (Abyss:1)
  8 fire crabs
  13 shadow wraiths
  15 sixfirhies
  A skyshark (Lair:2)
  7 crystal echidnas
  7 pharaoh ants
  4 goliath frogs
  A skyshark (shapeshifter) (Depths:2)
  5 iron trolls
  Lodul (D:10)
  A hellephant skeleton (Pan)
  A bunyip zombie (Crypt:3)
  25 skeletal warriors
  A spectral anaconda (Tar:2)
  3 flayed ghosts
  5 glowing orange brains
  A cherub (Pan)
  5 quicksilver dragon simulacra
  12 sun moths (Pan)
  31 deep trolls
  21 orb spiders
  A sea snake (shapeshifter) (Vaults:5)
  An obsidian statue (Vaults:3)
  An anaconda zombie (Crypt:2)
  5 spriggan druids
  11 swamp dragons
  7 shadow demons (Pan)
  Pikel (D:4)
  12 bog bodies
  13 phantasmal warriors
  16 ironbound convokers
  27 necromancers
  A fenstrider witch simulacrum (Hell)
  6 steelbarb worms
  7 arcanists
  5 deep elf archers
  An elf zombie (Vaults:1)
  2 bunyip skeletons
  18 orc knights
  22 deep elf zephyrmancers
  An iron dragon zombie (Abyss:3)
  A lightning spire (Abyss:3)
  2 thermic dynamos (Elf:3)
  21 deep elf pyromancers
  9 lindwurms
  39 ugly things
  5 orc sorcerers (Orc:2)
  2 spectral ettins
  4 will-o-the-wisps
  21 wolf spiders
  33 cyclopes
  2 human zombies
  6 manticores
  A manticore (shapeshifter) (Vaults:4)
  31 moths of wrath
  3 fauns (Pan)
  4 shining eyes
  7 meliai
  8 black mambas
  A formless jellyfish zombie (Crypt:2)
  3 ice statues (IceCv)
  A water nymph (shapeshifter) (Vaults:5)
  3 stone giant skeletons
  A rust devil (Pan)
  26 elephants
  A guardian serpent (Lair:5)
  3 kobold blastminers
  A spectral centaur (Tar:2)
  8 molten gargoyles (Geh:7)
  18 vault sentinels
  4 eyes of devastation
  17 large abominations
  13 torpor snails
  3 titan simulacra
  22 cane toads
  5 unseen horrors (Elf:1)
  41 smoke demons
  19 hellions
  3 gargoyles
  A kobold demonologist (Crypt:2)
  A rime drake (Lair:1)
  26 yaktaurs
  6 anaconda simulacra
  12 orange demons
  29 tormentors
  2 tengu conjurers
  14 efreet
  11 freezing wraiths
  3 bunyip simulacra
  16 komodo dragons
  A spark wasp simulacrum (Depths:2)
  A minotaur skeleton (Crypt:2)
  Psyche (D:11)
  4 red devils (Pan)
  3 spectral harpies
  3 ancient zymes
  4 iron giant simulacra
  8 guardian mummies
  12 trolls
  2 ice devils (D:13)
  A merfolk (shapeshifter) (Vaults:5)
  A green draconian skeleton (Crypt:1)
  A catoblepas skeleton (Crypt:2)
  A death yak skeleton (Crypt:1)
  8 polar bears
  2 harpy zombies (Crypt:3)
  2 silent spectres
  13 hellwings (Pan)
  An alligator simulacrum (Coc:1)
  16 hornets
  A harpy skeleton (Tomb:1)
  A shadow dragon simulacrum (Crypt:2)
  A raiju (shapeshifter) (D:11)
  2 ettin zombies
  11 raiju
  11 blink frogs
  A jumping spider zombie (Crypt:2)
  35 tarantellas
  10 glass eyes
  11 tyrant leeches
  8 dream sheep
  A slime creature (shapeshifter) (Vaults:5)
  2 centaur simulacra (Hell)
  75 slime creatures
  A jumping spider (shapeshifter) (Vaults:5)
  28 jumping spiders
  A culicivora (shapeshifter) (Vaults:5)
  2 stone giant simulacra
  Sigmund (D:4)
  26 culicivoras
  An ettin skeleton (Vaults:3)
  2 vampires
  2 air elementals (Elf:1)
  9 ynoxinuls
  4 dire elephant simulacra
  A satyr skeleton (Crypt:1)
  An ice dragon skeleton (Crypt:1)
  4 water elementals
  2 ushabtiu (Tomb:1)
  34 yaks
  2 fire elementals
  5 basilisks
  3 fire bats (Lair:5)
  13 neqoxecs
  12 wraiths
  A deep troll skeleton (Vaults:1)
  2 humans (D:11)
  12 wyverns
  Eustachio (D:4)
  A golden eye (Pan)
  A human (shapeshifter) (D:11)
  A steam dragon (Lair:2)
  A death yak simulacrum (IceCv)
  2 human simulacra
  62 redbacks
  13 chaos spawn (Pan)
  2 naga zombies
  13 vampire mosquitoes
  Menkaure (D:5)
  9 harpy simulacra
  13 swamp worms
  Edmund (D:5)
  30 water moccasins
  9 small abominations
  4 acid dragons
  A demonspawn skeleton (Crypt:1)
  A hydra simulacrum (IceCv)
  11 human skeletons
  13 swamp drakes
  A sky beast (D:7)
  A glowing shapeshifter skeleton (Depths:2)
  A naga skeleton (Crypt:2)
  36 orc warriors
  11 black bears
  38 laughing skulls
  4 ettin simulacra
  A black mamba simulacrum (Hell)
  2 boggarts
  25 ogres
  20 wolves
  A tengu (shapeshifter) (Depths:4)
  A blink frog skeleton (Crypt:1)
  5 centaurs
  7 kobold brigands
  2 elf simulacra
  2 lemures (D:4)
  A rime drake skeleton (Crypt:1)
  Blork the orc (Orc:2)
  19 bullfrogs
  2 gnoll sergeants (D:9)
  An earth elemental (Elf:1)
  A scorpion (D:6)
  A naga simulacrum (Coc:7)
  A cane toad simulacrum (IceCv)
  11 wights
  8 killer bees
  An elephant simulacrum (IceCv)
  10 howler monkeys
  A crimson imp (Orc:2)
  A bombardier beetle (D:5)
  A quasit (Abyss:3)
  3 hounds
  4 iron imps
  16 orc priests
  Crazy Yiuf (D:6)
  A black bear zombie (Crypt:1)
  A centaur skeleton (Crypt:1)
  A gnoll bouda (D:6)
  7 jellies
  3 starcursed masses (Abyss:1)
  An iguana (D:4)
  19 orc wizards
  2 wolf simulacra (IceCv)
  A tengu zombie (Crypt:2)
  12 mummies
  Robin (D:4)
  9 adders
  18 gnolls
  8 shadow imps
  5 white imps
  3 ufetubi
  A ribbon worm (D:5)
  2 dart slugs
  87 orcs
  A bat skeleton (Crypt:1)
  14 endoplasms
  7 giant cockroaches
  17 goblins
  9 hobgoblins
  2 jackals (D:4)
  6 quokkas
  9 ball pythons
  2 bats
  3 frilled lizards
  19 kobolds
  5 rats
  An aspiring flesh (Zot:5)
  A butterfly (Lair:2)
  6 creeping infernos
  10 fire vortices
  4 spectral weapons
  A starspawn tentacle (Abyss:3)
3577 creatures vanquished.

Vanquished Creatures (collateral kills)
  Ereshkigal (Tar:7)
  The ghost of Harhicoo the Slayer, an adept MiBe of Trog (Vaults:1)
  A Tzitzimitl (Tar:7)
  An Ice Fiend (Coc:7)
  2 rockslimes (Slime:4)
  A war gargoyle (Vaults:5)
  A yaktaur captain (Vaults:5)
  An ironbound convoker (Vaults:2)
  3 orc knights (Vaults:1)
  A smoke demon (Pan)
  A hellwing (Pan)
14 creatures vanquished.

Vanquished Creatures (others)
  An Ice Fiend (Coc:7)
  3 eldritch tentacles
  A draconian knight (Zot:3)
  A fire giant (Geh:7)
  A draconian stormcaller (Zot:1)
  A stone giant (Depths:1)
  An elemental wellspring (Coc:6)
  An eleionoma (Swamp:1)
  A wendigo (Coc:3)
  An ettin (Depths:1)
  2 juggernaut simulacra
  A deep elf high priest (Elf:3)
  A salamander tyrant (Geh:7)
  A stoker (Geh:7)
  A sun demon (Hell)
  2 deep elf knights (Elf:2)
  2 spriggan simulacra (Coc:7)
  A necromancer (Hell)
  2 deep elf zephyrmancers
  A wolf spider (Spider:4)
  A manticore (D:14)
  An iron giant simulacrum (Coc:1)
  A tormentor (Pan)
  An ice devil (Hell)
  A troll (Zot:1)
  2 bloated husks
  A hellwing (Pan)
  An iron dragon simulacrum (Hell)
  A human (Crypt:2)
  3 neqoxecs (Pan)
  A hydra simulacrum (Coc:7)
  An ice beast (D:8)
  2 ettin simulacra
  A lemure (D:4)
  2 orcs (Orc:2)
  3 creeping infernos
  A fire vortex (Geh:7)
  8 foxfires
  3 starspawn tentacles (Abyss:3)
61 creatures vanquished.

Grand Total: 3652 creatures vanquished

Notes
Turn   | Place    | Note
-------+----------+-------------------------------------------
     0 | D:1      | backslashecho the Mountain Dwarf Berserker began the quest
                  | for the Orb.
     0 | D:1      | Reached XP level 1. HP: 19/19 MP: 1/1
    47 | D:1      | Reached XP level 2. HP: 12/26 MP: 2/2
   108 | D:1      | You fall into a shaft and drop 1 floor!
   457 | D:1      | Reached ** piety under Trog
   637 | D:1      | Reached XP level 3. HP: 13/33 MP: 3/3
  1003 | D:2      | Reached skill level 1 in Shields
  1569 | D:2      | Reached skill level 5 in Axes
  1569 | D:2      | Reached XP level 4. HP: 26/40 MP: 4/4
  1856 | D:3      | Found a basalt altar of Yredelemnul.
  1972 | D:3      | Found an iron altar of Okawaru.
  2108 | D:3      | Found a faded altar of an unknown god.
  2639 | D:4      | Reached XP level 5. HP: 46/46 MP: 5/5
  2694 | D:4      | Found a radiant altar of Vehumet.
  2717 | D:4      | Noticed Eustachio
  2734 | D:4      | Noticed Robin
  2743 | D:4      | Killed Eustachio
  2744 | D:4      | Reached XP level 6. HP: 30/53 MP: 6/6
  2744 | D:4      | Reached *** piety under Trog
  2752 | D:4      | Killed Robin
  3036 | D:4      | Found a burning altar of Makhleb.
  3044 | D:4      | Noticed Pikel
  3097 | D:4      | Killed Pikel
  3098 | D:4      | Reached skill level 5 in Fighting
  3098 | D:4      | Reached XP level 7. HP: 61/61 MP: 7/7
  3211 | D:4      | Found a sparkling altar of Nemelex Xobeh.
  3342 | D:4      | Noticed Sigmund
  3344 | D:4      | Found a shimmering blue altar of Sif Muna.
  3354 | D:4      | Killed Sigmund
  3355 | D:4      | Reached skill level 9 in Axes
  3443 | D:4      | Found Pyuxtom's General Store.
  3544 | D:5      | Entered Level 5 of the Dungeon
  3574 | D:5      | Reached XP level 8. HP: 68/68 MP: 8/8
  3744 | D:5      | Reached skill level 5 in Shields
  4107 | D:5      | Noticed Edmund
  4108 | D:5      | Noticed Menkaure
  4119 | D:5      | Killed Edmund
  4121 | D:5      | Killed Menkaure
  4340 | D:5      | Found a staircase to the Ecumenical Temple.
  4732 | D:6      | Found a glowing silver altar of Zin.
  4823 | D:6      | Reached skill level 5 in Armour
  4823 | D:6      | Reached XP level 9. HP: 63/74 MP: 9/9
  5090 | D:6      | Found a sacrificial altar of Ru.
  5685 | D:6      | Found a shadowy altar of Dithmenos.
  5812 | D:6      | Identified the +7 hammer of Bujotirr {drain, *Rage Will+
                  | MP+9 Str+2}
  5816 | D:6      | Found a runed translucent door.
  5817 | D:6      | Noticed Crazy Yiuf
  6599 | D:7      | Reached skill level 12 in Axes
  7026 | D:8      | Found Veafiogy's Weapon Emporium.
  7137 | D:8      | Found Isoi's Antique Armour Shoppe.
  7597 | D:8      | Noticed a two-headed ogre
  7613 | D:8      | Killed a two-headed ogre
  7614 | D:8      | Reached XP level 10. HP: 81/81 MP: 10/10
  7617 | D:8      | Found Qyug's Book Emporium.
  7653 | D:8      | Noticed a two-headed ogre
  7671 | D:8      | Killed a two-headed ogre
  7738 | D:8      | Found Jufueroad's Antique Armour Emporium.
  7851 | D:8      | Found Vawkorph's Weapon Shop.
  8459 | D:9      | Reached **** piety under Trog
  8560 | D:9      | Found a flagged portal.
  8720 | Bailey   | Entered a bailey
  9372 | Bailey   | Identified the +3 kite shield of Terror {Rampage rN+ Will+
                  | Str+5}
  9558 | Bailey   | Found a burning altar of Makhleb.
  9839 | D:9      | Found an ancient bone altar of Kikubaaqudgha.
 10106 | D:10     | Entered Level 10 of the Dungeon
 10110 | D:10     | Found a portal to a secret trove of treasure.
 10112 | D:10     | Noticed a two-headed ogre
 10124 | D:10     | Killed a two-headed ogre
 10125 | D:10     | Reached skill level 9 in Shields
 10188 | D:10     | Found a staircase to the Orcish Mines.
 10278 | D:10     | Noticed a two-headed ogre
 10286 | D:10     | Killed a two-headed ogre
 10287 | D:10     | Reached XP level 11. HP: 65/86 MP: 11/11
 10373 | D:10     | Found an opulent altar of Gozag.
 10377 | D:10     | Found a shimmering altar of Xom.
 10591 | D:10     | Identified the +0 robe of Ennui {*Corrode Will+ Str+8}
 10622 | D:10     | Reached skill level 15 in Axes
 10668 | D:10     | Noticed Lodul
 10688 | D:10     | HP: 1/86 [Lodul/bolt of lightning (23)]
 10702 | D:10     | Killed Lodul
 11239 | D:4      | Bought the +8 mithril axe "Arga" {speed, Will+} for 646
                  | gold pieces
 11239 | D:4      | Found the +8 mithril axe "Arga" {speed, Will+}
 11524 | D:11     | Reached skill level 9 in Armour
 11525 | D:11     | Noticed Psyche
 11529 | D:11     | Killed Psyche
 11556 | D:11     | Found an iron altar of Okawaru.
 11897 | D:11     | Found a staircase to the Lair.
 12228 | D:11     | Noticed a two-headed ogre
 12248 | D:11     | Killed a two-headed ogre
 12425 | D:11     | Noticed a boulder beetle
 12435 | D:11     | Killed a boulder beetle
 12435 | D:11     | Reached ***** piety under Trog
 12558 | D:11     | Noticed a four-headed hydra
 12668 | Orc:1    | Entered Level 1 of the Orcish Mines
 12668 | Orc:1    | Found a roughly hewn altar of Beogh.
 12970 | Lair:1   | Entered Level 1 of the Lair of Beasts
 13087 | Lair:1   | Reached XP level 12. HP: 89/94 MP: 12/12
 13727 | Lair:1   | Reached skill level 18 in Axes
 13816 | Lair:1   | Reached skill level 12 in Shields
 13851 | Lair:1   | Noticed a boulder beetle
 13851 | Lair:1   | Noticed a death yak
 13870 | Lair:1   | Noticed a boulder beetle
 13878 | Lair:1   | Killed a boulder beetle
 13879 | Lair:1   | Reached skill level 1 in Throwing
 14176 | Lair:1   | Killed a death yak
 14183 | Lair:1   | Killed a boulder beetle
 14350 | Lair:2   | Found a staircase to the Swamp.
 14508 | Lair:2   | Noticed Harold
 14528 | Lair:2   | Killed Harold
 15240 | Lair:3   | Found a hole to the Spider Nest.
 15247 | Lair:3   | Reached XP level 13. HP: 91/105 MP: 13/13
 15256 | Lair:3   | Received a gift from Trog
 16246 | Lair:4   | Identified the +1 pair of boots of Poqiaqur {+Blink rElec}
 16347 | Lair:4   | Reached skill level 5 in Throwing
 16657 | Lair:4   | Reached skill level 9 in Fighting
 16956 | Lair:4   | Reached skill level 1 in Evocations
 17184 | Lair:5   | Entered Level 5 of the Lair of Beasts
 17474 | Lair:5   | Identified a scroll of acquirement
 17474 | Lair:5   | Acquired the ring "Vulemuk" {^Drain +Blink rN++ rCorr
                  | Int+2}
 17527 | Lair:5   | Found a dark tunnel.
 17536 | Volcano  | Entered a volcano
 17853 | Volcano  | Noticed a red draconian
 17876 | Volcano  | Killed a red draconian
 17898 | Volcano  | Found a bloodstained altar of Trog.
 18081 | Lair:5   | Reached skill level 5 in Evocations
 18081 | Lair:5   | Reached XP level 14. HP: 119/119 MP: 14/14
 18177 | Lair:5   | Received a gift from Trog
 18360 | Lair:5   | Reached skill level 15 in Shields
 18426 | Lair:5   | Paralysed by a hornet for 2 turns
 18877 | Lair:5   | Paralysed by a hornet for 2 turns
 18948 | Lair:5   | Found a viscous altar of Jiyva.
 18955 | Lair:5   | Found a staircase to the Slime Pits.
 19447 | Lair:5   | Reached skill level 9 in Evocations
 19619 | Lair:5   | Received a gift from Trog
 20437 | Orc:2    | Entered Level 2 of the Orcish Mines
 20438 | Orc:2    | Found a staircase to the Elven Halls.
 20498 | Orc:2    | Reached XP level 15. HP: 130/130 MP: 15/15
 20680 | Orc:2    | Reached ****** piety under Trog
 20772 | Orc:2    | Received a gift from Trog
 20898 | Orc:2    | Found Cemy Fua's General Store.
 20899 | Orc:2    | Found Pitrof's Jewellery Shoppe.
 20901 | Orc:2    | Found Yzaem's Antique Armour Shoppe.
 20901 | Orc:2    | Found Fugazaci's Antique Weapon Emporium.
 20906 | Orc:2    | Bought a potion of curing for 42 gold pieces
 20906 | Orc:2    | Bought a potion of curing for 42 gold pieces
 20906 | Orc:2    | Bought a potion of cancellation for 112 gold pieces
 20918 | Orc:2    | Bought a glowing helmet for 195 gold pieces
 20920 | Orc:2    | Bought a glowing helmet for 195 gold pieces
 21311 | Orc:2    | Noticed Blork the orc
 21327 | Orc:2    | Killed Blork the orc
 21351 | Orc:2    | Identified the +1 hat of Tortelloni {Will+}
 21352 | Orc:2    | Identified the +1 hat "Unnig" {Will+}
 21588 | D:11     | Reached skill level 12 in Fighting
 21596 | D:11     | Noticed Urug
 21617 | D:11     | Killed Urug
 21749 | D:11     | Noticed a sphinx
 21781 | D:11     | Noticed a frost giant
 21931 | D:11     | Killed a frost giant
 21932 | D:11     | Reached skill level 12 in Evocations
 22025 | D:11     | Killed a sphinx
 22071 | D:11     | Found the +8 Vampire's Tooth {megavamp}
 22079 | D:11     | Identified the +0 plate armour "Zaud" {+Blink rElec Int+4}
 22083 | D:11     | Identified the +6 quarterstaff of Lacacug {venom, rF+ rC-
                  | rCorr}
 22247 | D:8      | Bought a pair of gloves for 126 gold pieces
 22255 | D:8      | Acquired the ring "Zoopen" {Ice ^Drain rPois Str+4 SInv}
 22914 | D:13     | Found Bonephu's Weapon Emporium.
 22962 | D:13     | Found a gate leading to a gauntlet.
 22971 | Gauntlet | Entered a Gauntlet
 22971 | Gauntlet | Found a transporter.
 22980 | Gauntlet | Found a transporter.
 22982 | Gauntlet | Found a transporter.
 22984 | Gauntlet | Found a transporter.
 23003 | Gauntlet | Found a transporter.
 23014 | Gauntlet | Found a transporter.
 23018 | Gauntlet | Found a large runed translucent door.
 23018 | Gauntlet | Found a large runed translucent door.
 23018 | Gauntlet | Found a large runed translucent door.
 23018 | Gauntlet | Found a large runed translucent door.
 23019 | Gauntlet | Found a runed translucent door.
 23020 | Gauntlet | Found a transporter.
 23021 | Gauntlet | Found a runed translucent door.
 23022 | Gauntlet | Found a large runed translucent door.
 23022 | Gauntlet | Found a large runed translucent door.
 23023 | Gauntlet | Found a large runed translucent door.
 23024 | Gauntlet | Found a large runed translucent door.
 23029 | Gauntlet | Found a large runed translucent door.
 23029 | Gauntlet | Found a large runed translucent door.
 23030 | Gauntlet | Found a large runed translucent door.
 23030 | Gauntlet | Found a large runed translucent door.
 23031 | Gauntlet | Found a large runed translucent door.
 23031 | Gauntlet | Found a large runed translucent door.
 23031 | Gauntlet | Found a large runed translucent door.
 23033 | Gauntlet | Found a runed translucent gate.
 23033 | Gauntlet | Found a runed translucent gate.
 23033 | Gauntlet | Found a runed translucent gate.
 23035 | Gauntlet | Found a transporter.
 23046 | Gauntlet | Found a large runed translucent door.
 23054 | Gauntlet | Found a transporter.
 23066 | Gauntlet | Found a transporter.
 23089 | Gauntlet | Found a transporter.
 23101 | Gauntlet | Found a transporter.
 23113 | Gauntlet | Found a transporter.
 23130 | Gauntlet | Found a transporter.
 23147 | Gauntlet | Found a transporter.
 23149 | Gauntlet | Found a transporter.
 23178 | Gauntlet | Found a transporter.
 23258 | Gauntlet | Found a transporter.
 23468 | Gauntlet | Identified the +3 hat of the Lute {-Tele Rampage rC+ Dex+5}
 23517 | Gauntlet | Identified the ring "Zeurodiro" {rF+ Str-5 Int+3 Dex+5}
 23525 | Gauntlet | Acquired the scarf "Weczyjau" {+Inv, rF+ rN+ Int+2 Stlth+}
 23553 | Gauntlet | Acquired 1147 gold pieces
 23608 | D:13     | Found a frozen archway.
 23629 | IceCv    | Entered an ice cave
 23926 | IceCv    | Identified the +5 trident "Spider's Doom" {spect, rC+
                  | Dex+2}
 24032 | D:13     | Received a gift from Trog
 24081 | D:13     | Found a gate to the Vaults.
 24121 | D:13     | Found an opulent altar of Gozag.
 25158 | D:12     | Found Jaabeo Riec's Magic Scroll Shop.
 25161 | D:12     | Bought a scroll of enchant weapon for 112 gold pieces
 25161 | D:12     | Bought a scroll of teleportation for 45 gold pieces
 25161 | D:12     | Bought a scroll of identify for 30 gold pieces
 25161 | D:12     | Bought a scroll of identify for 30 gold pieces
 25161 | D:12     | Bought a scroll of fear for 60 gold pieces
 25161 | D:12     | Bought a scroll of blinking for 112 gold pieces
 25255 | D:14     | Noticed Snorg
 25262 | D:14     | Killed Snorg
 25469 | D:14     | Noticed Kirke
 25486 | D:14     | Killed Kirke
 25501 | D:14     | Reached XP level 16. HP: 141/141 MP: 16/16
 25873 | D:14     | Found a runed translucent door.
 25874 | D:14     | Found a runed translucent door.
 25875 | D:14     | Found a runed translucent door.
 26311 | D:14     | Received a gift from Trog
 26391 | D:14     | Identified the ring "Xiwkumpo" {Fly rCorr Str+3 Int+3
                  | Dex-3}
 26583 | D:15     | Entered Level 15 of the Dungeon
 26688 | D:15     | Found an ornate altar of the Wu Jian Council.
 26796 | D:15     | Found a runed translucent door.
 26986 | D:15     | Found a staircase to the Depths.
 27005 | D:15     | Noticed a tengu reaver
 27020 | D:15     | Killed a tengu reaver
 27854 | Swamp:1  | Entered Level 1 of the Swamp
 27924 | Swamp:1  | Reached skill level 12 in Armour
 28668 | Swamp:2  | Reached skill level 18 in Shields
 28738 | Swamp:2  | Received a gift from Trog
 28863 | Swamp:2  | Noticed Roxanne
 28915 | Swamp:2  | Noticed Louise
 28938 | Swamp:2  | Killed Louise
 29085 | Swamp:2  | Noticed Frances
 29097 | Swamp:2  | Killed Frances
 29790 | Swamp:3  | Reached XP level 17. HP: 143/154 MP: 17/17
 29950 | Swamp:3  | Noticed Bai Suzhen
 30142 | Swamp:3  | Killed Bai Suzhen
 30183 | Swamp:4  | Entered Level 4 of the Swamp
 30217 | Swamp:4  | Reached skill level 15 in Fighting
 30284 | Swamp:4  | Reached skill level 5 in Dodging
 30587 | Swamp:4  | Received a gift from Trog
 30939 | Swamp:4  | Got a decaying rune of Zot
 31436 | Spider:1 | Entered Level 1 of the Spider Nest
 32273 | Spider:1 | Noticed Jorgrun
 32288 | Spider:1 | Killed Jorgrun
 33050 | Spider:2 | Noticed Agnes
 33051 | Spider:2 | Received a gift from Trog
 33327 | Spider:2 | Killed Agnes
 33435 | Spider:2 | Noticed Arachne
 33465 | Spider:2 | Killed Arachne
 33622 | Spider:2 | Reached XP level 18. HP: 152/170 MP: 18/18
 34235 | Spider:3 | Reached skill level 15 in Armour
 34344 | Spider:3 | Received a gift from Trog
 34401 | Spider:3 | Found a runed translucent door.
 35077 | Spider:3 | Reached skill level 18 in Fighting
 35140 | Spider:4 | Entered Level 4 of the Spider Nest
 35191 | Spider:4 | Received a gift from Trog
 35900 | Spider:4 | Received a gift from Trog
 35988 | Spider:4 | Reached skill level 18 in Armour
 36100 | Spider:4 | Noticed Asterion
 36120 | Spider:4 | Killed Asterion
 36699 | Spider:4 | Reached XP level 19. HP: 124/179 MP: 19/19
 36768 | Spider:4 | Identified the +2 pair of gloves of Grace {-Cast rC+ Dex+4}
 36793 | Spider:4 | Got a gossamer rune of Zot
 36796 | Spider:4 | Identified the +4 pair of boots "Jess" {+Inv Int+6}
 37142 | Vaults:1 | Entered Level 1 of the Vaults
 37550 | Vaults:1 | Found a runed translucent gate.
 37550 | Vaults:1 | Identified the +0 chain mail of the Forest {rN+}
 37550 | Vaults:1 | Identified the +0 kite shield of the Guild-Master {Regen+
                  | rCorr Str-2}
 37550 | Vaults:1 | Noticed Harhicoo's ghost (adept MiBe)
 37551 | Vaults:1 | Found a runed translucent gate.
 37551 | Vaults:1 | Found a runed translucent gate.
 37646 | Vaults:1 | Received a gift from Trog
 37759 | Vaults:1 | Identified the +3 robe of Bedevilment {rN+}
 37759 | Vaults:1 | Noticed Boris
 37779 | Vaults:1 | Killed Boris
 37961 | Vaults:1 | Identified the ring of Dyrucw {rN++ rCorr Str-4 Slay+2}
 38402 | Vaults:1 | Found a roughly hewn altar of Beogh.
 38465 | Vaults:1 | Killed Harhicoo's ghost
 38829 | Vaults:2 | Identified the orb of Indemnity {*channel, -Tele Rampage
                  | rPois}
 38829 | Vaults:2 | Noticed Frederick
 38845 | Vaults:2 | Killed Frederick
 39003 | Vaults:2 | Found a staircase to the Crypt.
 39003 | Vaults:2 | Found a basalt altar of Yredelemnul.
 39003 | Vaults:2 | Found an ancient bone altar of Kikubaaqudgha.
 39370 | Vaults:2 | Noticed Donald
 39378 | Vaults:2 | Killed Donald
 39693 | Vaults:2 | Received a gift from Trog
 40404 | Vaults:3 | Noticed Saint Roka
 40467 | Vaults:3 | Killed Saint Roka
 40479 | Vaults:3 | Found a flickering gateway to a bazaar.
 40488 | Bazaar   | Entered a bazaar
 40554 | Bazaar   | Found Hoboicag's Antique Weapon Shop.
 40568 | Bazaar   | Found Ubuguloe's Distillery.
 40576 | Bazaar   | Bought a potion of might for 28 gold pieces
 40576 | Bazaar   | Bought a potion of curing for 21 gold pieces
 40576 | Bazaar   | Bought a potion of enlightenment for 35 gold pieces
 40576 | Bazaar   | Bought a potion of heal wounds for 35 gold pieces
 40576 | Bazaar   | Bought a potion of ambrosia for 56 gold pieces
 40582 | Bazaar   | Found Enaiv's General Store.
 40590 | Bazaar   | Bought a +1 tower shield of resistance for 474 gold pieces
 40590 | Bazaar   | Bought a scroll of revelation for 97 gold pieces
 40626 | Bazaar   | Found Qaudaysubi's Book Boutique.
 40634 | Bazaar   | Bought the +1 pair of boots of Didde {rN++} for 351 gold
                  | pieces
 40648 | Bazaar   | Bought a manual of Shields for 880 gold pieces
 40654 | Bazaar   | Found Cigh's Armour Shop.
 40680 | Bazaar   | Found Woaklurecwo's Assorted Antiques.
 40688 | Bazaar   | Bought a potion of resistance for 230 gold pieces
 40688 | Bazaar   | Bought a potion of curing for 69 gold pieces
 40688 | Bazaar   | Bought a potion of haste for 230 gold pieces
 40764 | Bazaar   | Bought a wand of mindburst (4) for 72 gold pieces
 40764 | Bazaar   | Bought a potion of magic for 104 gold pieces
 41055 | Vaults:3 | Identified the +0 war axe of the Thirteen Friars {heavy,
                  | rC+ rN+ Stlth+}
 41231 | Vaults:3 | Noticed Mara
 41249 | Vaults:3 | Reached XP level 20. HP: 121/192 MP: 20/20
 41255 | Vaults:3 | Killed Mara
 41388 | Vaults:3 | Received a gift from Trog
 41747 | Vaults:3 | Noticed Margery
 41789 | Vaults:3 | Killed Margery
 42738 | Vaults:4 | Reached skill level 21 in Shields
 43916 | D:10     | You paid a toll of 19 potions of curing to enter a treasure
                  | trove
 43917 | Trove    | Entered a treasure trove
 43937 | Trove    | Identified the ring of the Amoeba {Ice Str+3 Dex+5 SInv}
 43941 | Trove    | Identified the ring "Heroah" {rF- rC+ Slay+2 SInv}
 43944 | Trove    | Identified the +8 broad axe "Noeroett" {antimagic, rPois
                  | rCorr Int+2}
 44247 | Slime:1  | Entered Level 1 of the Pits of Slime
 44343 | Slime:1  | Received a gift from Trog
 44467 | Slime:3  | Reached skill level 21 in Fighting
 44533 | Slime:5  | Entered Level 5 of the Pits of Slime
 44561 | Slime:5  | Reached skill level 21 in Armour
 44623 | Slime:5  | Noticed the Royal Jelly
 44721 | Slime:5  | Killed the Royal Jelly
 44722 | Slime:5  | Reached XP level 21. HP: 78/204 MP: 21/21
 44726 | Slime:4  | HP: 6/204 [rockslime[the Royal Jelly] (34)]
 45284 | Slime:5  | Found the +9 sword of Zonguldrok {reap}
 45341 | Slime:5  | Got a slimy rune of Zot
 45344 | Slime:5  | Identified the +8 hand axe of Boidut {freeze, rPois}
 45357 | Slime:5  | Identified the +1 falchion of Terra Nullius {drain, Str+2}
 45362 | Slime:5  | Identified the +1 hand axe "Atidunk" {freeze, rElec Dex+3
                  | Stlth+}
 45430 | Slime:5  | Identified the +8 chain mail of the Echidna {Will- Dex+2
                  | Slay+5}
 45434 | Slime:5  | Identified the +7 flail of Avapoh {flame, Fly rF+ rC+ rN+}
 45495 | Slime:5  | Gained mutation: You have hidden genetic defects. [a
                  | shining eye]
 45728 | Elf:1    | Entered Level 1 of the Elven Halls
 45745 | Elf:1    | Paralysed by an air elemental for 1 turns
 45751 | Elf:1    | Paralysed by an air elemental for 1 turns
 45760 | Elf:1    | Received a gift from Trog
 46018 | Elf:1    | Identified the +5 morningstar of Anxiety {flame, Will+}
 46174 | Elf:1    | Found an ancient bone altar of Kikubaaqudgha.
 46859 | Elf:2    | Gained mutation: You occasionally shout uncontrollably at
                  | your foes. [hidden defects]
 47023 | Elf:2    | Found a runed translucent gate.
 47023 | Elf:2    | Found a runed translucent gate.
 47031 | Elf:2    | Found a runed translucent gate.
 47312 | Elf:3    | Entered Level 3 of the Elven Halls
 47603 | Elf:3    | Found Gacviv's General Store.
 47607 | Elf:3    | Received a gift from Trog
 47628 | Elf:3    | Bought a potion of curing for 39 gold pieces
 47628 | Elf:3    | Bought a scroll of acquirement for 676 gold pieces
 47630 | Elf:3    | Acquired 985 gold pieces
 47967 | Elf:3    | Identified the serpent talisman of Omihuw {Will+ Int+3}
 48231 | Elf:3    | Gained mutation: You occasionally lose the ability to drink
                  | potions when taking damage. [hidden defects]
 48231 | Elf:3    | Lost mutation: You have hidden genetic defects. [hidden
                  | defects expressed]
 48232 | Elf:3    | Lost mutation: You occasionally lose the ability to drink
                  | potions when taking damage. [potion of mutation]
 48232 | Elf:3    | Lost mutation: You occasionally shout uncontrollably at
                  | your foes. [potion of mutation]
 48232 | Elf:3    | Gained mutation: You are dopey. (Int -2) [potion of
                  | mutation]
 48232 | Elf:3    | Gained mutation: You expend magic power (3 MP) to
                  | strengthen your wands. [potion of mutation]
 48268 | Elf:3    | Identified the +6 war axe of the Fox {antimagic, rC++
                  | Will++ Dex-4} (Trog gifted it to you on level 3 of the
                  | Elven Halls)
 48268 | Elf:3    | Received a gift from Trog
 48485 | Elf:3    | Identified the +2 chain mail of Dramatic Exits {Int-3 Dex+4
                  | Stlth+}
 48491 | Elf:3    | Gained mutation: You occasionally lose the ability to drink
                  | potions when taking damage. [a neqoxec]
 48514 | Elf:3    | Lost mutation: You are dopey. (Int -2) [potion of mutation]
 48514 | Elf:3    | Lost mutation: You expend magic power (3 MP) to strengthen
                  | your wands. [potion of mutation]
 48514 | Elf:3    | Gained mutation: You have a pair of small antennae on your
                  | head. [potion of mutation]
 48514 | Elf:3    | Gained mutation: You have a pair of antennae on your head.
                  | [potion of mutation]
 48515 | Elf:3    | Lost mutation: You occasionally lose the ability to drink
                  | potions when taking damage. [potion of mutation]
 48515 | Elf:3    | Lost mutation: You have a pair of antennae on your head.
                  | [potion of mutation]
 48515 | Elf:3    | Gained mutation: Your spells are a little harder to cast,
                  | but a little more powerful. [potion of mutation]
 48515 | Elf:3    | Gained mutation: You are agile. (Dex +4, Str/Int -1)
                  | [potion of mutation]
 48558 | Elf:3    | Identified the +6 great sword "Ucen" {spect, rN+ Str+3}
 48558 | Elf:3    | Identified the ring "Vinlo" {rPois rF+ Slay+3}
 48584 | Elf:3    | Identified the +5 shortbow of the Evening {heavy, Int+6}
 49121 | Depths:1 | Entered Level 1 of the Depths
 49217 | Depths:1 | Found a one-way gateway to a ziggurat.
 49462 | Depths:1 | Found a one-way gate to the infinite horrors of the Abyss.
 49479 | Depths:1 | Found a gateway to Hell.
 49543 | Depths:1 | Found a shimmering altar of Xom.
 50039 | Depths:2 | Reached XP level 22. HP: 199/206 MP: 22/22
 50096 | Depths:2 | Found a runed translucent door.
 50117 | Depths:2 | Found a runed translucent door.
 50129 | Depths:2 | Found the +3 greatsling "Punk" {acid, rCorr}
 50134 | Depths:2 | Received a gift from Trog
 50240 | Depths:2 | Found a runed translucent door.
 50240 | Depths:2 | Found a runed translucent door.
 50332 | Depths:2 | Identified the +6 orcbow "Tatogh" {freeze, Int+3}
 50336 | Depths:2 | Identified the ring of Vuffouju {Fire ^Contam Int+8}
 50373 | Depths:2 | Identified the +5 trident of Jatzohum {spect, rN++ Will++
                  | Int+3}
 50575 | Depths:2 | Found a runed translucent gate.
 50576 | Depths:2 | Found a runed translucent gate.
 50812 | Depths:2 | Found a one-way gate leading to the halls of Pandemonium.
 50961 | Depths:2 | Found a runed translucent gate.
 50962 | Depths:2 | Noticed Cein's ghost (veteran DgCj)
 51244 | Depths:2 | Noticed Grunn
 51258 | Depths:2 | Killed Grunn
 51471 | Depths:3 | Noticed a golden dragon
 51499 | Depths:3 | Killed a golden dragon
 51506 | Depths:3 | Received a gift from Trog
 52219 | Depths:3 | Identified the +2 robe "Tyahor" {Str-4 Int+5}
 52219 | Depths:3 | Noticed Boris
 52244 | Depths:3 | Killed Boris
 52245 | Depths:3 | Reached skill level 15 in Evocations
 52485 | Depths:3 | Found a stormy altar of Qazlal.
 52749 | Depths:4 | Entered Level 4 of the Depths
 52930 | Depths:4 | Received a gift from Trog
 53422 | Depths:4 | Noticed a caustic shrike
 53425 | Depths:4 | Noticed a caustic shrike
 53425 | Depths:4 | Noticed a caustic shrike
 53425 | Depths:4 | Noticed a caustic shrike
 53440 | Depths:4 | Killed a caustic shrike
 53448 | Depths:4 | Killed a caustic shrike
 53473 | Depths:4 | Killed a caustic shrike
 53481 | Depths:4 | Killed a caustic shrike
 53666 | Depths:4 | Reached XP level 23. HP: 208/229 MP: 23/23
 54043 | Depths:4 | Identified the +1 robe of Objectivity {Rampage Str-5
                  | Stlth+}
 54316 | Depths:4 | Found a gate to the Realm of Zot.
 54409 | Depths:4 | Upgraded the game from 0.32-a0-732-ga344392067 to
                  | 0.32-a0-747-gc8563f6773
 54689 | Vaults:5 | Entered Level 5 of the Vaults
 54710 | Vaults:5 | Received a gift from Trog
 54966 | Vaults:5 | Identified the +4 scimitar of Mana {holy, rN+ Int+6}
 55150 | Vaults:5 | Identified the +10 bardiche of Pipusa {flame, Str+5}
 55333 | Vaults:5 | Identified the +2 dagger "Faquhun" {heavy, Str+2}
 55466 | Vaults:5 | Received a gift from Trog
 55915 | Vaults:5 | Got a silver rune of Zot
 55918 | Vaults:5 | Identified the +9 dagger of Disharmony {flame, rF+ Dex+3}
 56053 | Vaults:5 | Noticed an ancient lich
 56057 | Vaults:5 | Noticed a dread lich
 56066 | Vaults:5 | Killed an ancient lich
 56101 | Vaults:5 | Killed a dread lich
 56101 | Vaults:5 | Received a gift from Trog
 56335 | Vaults:5 | Identified the +12 trident of Xuluh {vamp, Fly rPois Will-
                  | Stlth+}
 56371 | Vaults:5 | Identified the +4 double sword "Leviticus" {spect, Int+5}
 56371 | Vaults:5 | Identified the +10 plate armour of Life {rN+ Will- Str+3
                  | Dex+3}
 56392 | Vaults:5 | Reached XP level 24. HP: 166/239 MP: 23/23
 56514 | Vaults:5 | Identified the +7 falchion of the Wizarding Augurer {heavy,
                  | MP+9}
 57421 | Temple   | Entered the Ecumenical Temple
 57452 | Temple   | Fell from the grace of Trog
 57452 | Temple   | Became a worshipper of the Shining One
 57707 | Vaults:2 | Noticed Mennas
 57725 | Vaults:2 | Killed Mennas
 57726 | Vaults:2 | Reached skill level 1 in Invocations
 57772 | Crypt:1  | Entered Level 1 of the Crypt
 57789 | Crypt:1  | Noticed a royal mummy
 57800 | Crypt:1  | Reached * piety under the Shining One
 57800 | Crypt:1  | Noticed a royal mummy
 57804 | Crypt:1  | Noticed a royal mummy
 57938 | Crypt:1  | Noticed Khufu
 58016 | Vaults:2 | Killed a royal mummy
 58608 | Vaults:2 | Killed a royal mummy
 58697 | Vaults:2 | Killed a royal mummy
 58797 | Crypt:1  | Killed Khufu
 58798 | Crypt:1  | Reached skill level 18 in Evocations
 58990 | Crypt:1  | Reached ** piety under the Shining One
 59004 | Crypt:1  | Reached skill level 5 in Invocations
 59462 | Crypt:1  | Reached *** piety under the Shining One
 59559 | Crypt:1  | You are sucked into a shaft and drop 1 floor!
 59595 | Crypt:2  | Reached **** piety under the Shining One
 59815 | Crypt:1  | Paralysed by Trog for 3 turns
 60196 | Crypt:2  | Reached ***** piety under the Shining One
 60263 | Crypt:2  | Reached skill level 9 in Invocations
 60514 | Crypt:2  | Reached ****** piety under the Shining One
 60917 | D:6      | Identified a +9 broad axe of holy wrath (a +7 antimagic
                  | broad axe blessed by the Shining One)
 60917 | D:6      | Received a gift from the Shining One
 60918 | D:6      | Fell from the grace of the Shining One
 60918 | D:6      | Became a worshipper of Zin the Law-Giver
 60918 | D:6      | Reached * piety under Zin
 60918 | D:6      | Reached ** piety under Zin
 60918 | D:6      | Reached *** piety under Zin
 60918 | D:6      | Reached **** piety under Zin
 60919 | D:6      | Donated 3178 gold pieces to Zin
 60961 | D:7      | Reached ***** piety under Zin
 61309 | Crypt:2  | Reached ****** piety under Zin
 61553 | Crypt:2  | Found a runed door.
 61649 | Crypt:2  | Noticed an ancient lich
 61660 | Crypt:2  | Killed an ancient lich
 61700 | Crypt:2  | Identified the ring of Freedom {MP+9 Int+3 Dex+2}
 61704 | Crypt:2  | Got the Omnibus of Pneumatic Beckoning
 61710 | Crypt:2  | Identified the +0 plate armour "Foil" {*Corrode rC+ Will+
                  | Str+3}
 61732 | Crypt:2  | Got the Elucidation of Seismic Translocation
 61733 | Crypt:2  | Identified the ring of the Shishi {*Slow +Blink Will+
                  | Int+5}
 61752 | Crypt:2  | Identified the +5 trident of the Kissing Seeker {holy,
                  | Str+7 Int-2 Stlth+}
 61807 | Crypt:2  | Reached skill level 12 in Invocations
 61995 | Crypt:3  | Entered Level 3 of the Crypt
 62803 | Crypt:3  | Reached XP level 25. HP: 246/249 MP: 33/33
 63060 | Crypt:3  | Found a staircase to the Tomb.
 63104 | Crypt:3  | Found the +2 Maxwell's thermic engine {flame, freeze, rev}
 63202 | Crypt:3  | Noticed Jory
 63209 | Crypt:3  | Noticed an ancient lich
 63212 | Crypt:3  | Killed Jory
 63236 | Crypt:3  | Killed an ancient lich
 63237 | Crypt:3  | Reached skill level 15 in Invocations
 63240 | Crypt:3  | Found an ancient bone altar of Kikubaaqudgha.
 63506 | Crypt:3  | Found the ring of the Hare {EV+10}
 63506 | Crypt:3  | Found the ring of the Octopus King
 63513 | Crypt:3  | Identified a ring of the Octopus King {rCorr HP+2 AC+2 EV+2
                  | SH+2}
 63925 | Zot:1    | Entered Level 1 of the Realm of Zot
 64452 | Zot:1    | Identified the +2 robe of the Harvest {rF+}
 64869 | Zot:1    | Found a stormy altar of Qazlal.
 64872 | Zot:1    | Got the Folio of the Zealot
 64885 | Zot:1    | Got the Cyclopedia of Fire and Brimstone
 65531 | Zot:2    | Noticed an orb of fire
 65571 | Zot:2    | Killed an orb of fire
 65572 | Zot:2    | Reached skill level 18 in Invocations
 65789 | Zot:2    | Noticed an ancient lich
 65811 | Zot:2    | Killed an ancient lich
 65864 | Zot:2    | Reached skill level 21 in Invocations
 65867 | Zot:2    | Noticed a dread lich
 65888 | Zot:2    | Killed a dread lich
 65968 | Zot:2    | Noticed an ancient lich
 65993 | Zot:2    | Killed an ancient lich
 66713 | Zot:2    | Paralysed by Trog for 7 turns
 67353 | Zot:3    | Reached XP level 26. HP: 224/258 MP: 39/39
 68146 | Zot:3    | Paralysed by Trog for 7 turns
 68350 | Zot:4    | Noticed Parghit
 69023 | Tomb:1   | Entered Level 1 of the Tomb of the Ancients
 69298 | Tomb:1   | Paralysed by Trog for 7 turns
 69865 | Tomb:1   | Noticed a royal mummy
 69885 | Tomb:1   | Killed a royal mummy
 70215 | Tomb:1   | Noticed a royal mummy
 70230 | Tomb:1   | Killed a royal mummy
 70326 | Tomb:1   | Noticed a royal mummy
 70345 | Tomb:1   | Killed a royal mummy
 71253 | D:6      | Killed Crazy Yiuf
 71858 | Depths:2 | Killed Cein's ghost
 71942 | Depths:2 | Identified the +0 hat "Elompesm" {Str+2}
 72808 | Hell     | Entered the Vestibule of Hell
 72808 | Hell     | Noticed Geryon
 72826 | Hell     | Killed Geryon
 73033 | Hell     | Found a gateway to the decaying netherworld of Tartarus.
 73101 | Hell     | Found a gateway to the ashen valley of Gehenna.
 73192 | Hell     | Found a gateway to the Iron City of Dis.
 73238 | Hell     | Found a gateway to the freezing wastes of Cocytus.
 73549 | Zot:4    | Killed Parghit
 75290 | Zot:5    | Entered Level 5 of the Realm of Zot
 75671 | Zot:5    | Reached XP level 27. HP: 246/268 MP: 24/40
 76588 | Zot:5    | Noticed an ancient lich
 76606 | Zot:5    | Killed an ancient lich
 78572 | Zot:5    | Was forgiven by Trog
 78637 | Zot:5    | Noticed an orb of fire
 78649 | Zot:5    | Killed an orb of fire
 78847 | Zot:5    | Noticed an orb of fire
 78880 | Zot:5    | Killed an orb of fire
 78907 | Zot:5    | Noticed an orb of fire
 78934 | Zot:5    | Noticed a dread lich
 78960 | Zot:5    | Paralysed by a dread lich for 4 turns
 78969 | Zot:5    | Killed a dread lich
 78981 | Zot:5    | Killed an orb of fire
 79667 | Zot:5    | Noticed an orb of fire
 79670 | Zot:5    | Noticed an orb of fire
 79698 | Zot:5    | Killed an orb of fire
 79702 | Zot:5    | Killed an orb of fire
 79904 | Zot:5    | Noticed an orb of fire
 79921 | Zot:5    | Noticed an orb of fire
 79932 | Zot:5    | Killed an orb of fire
 79956 | Zot:5    | Killed an orb of fire
 80445 | Pan      | Entered Pandemonium
 80629 | Pan      | Noticed Gaclumyn the pandemonium lord
 80653 | Pan      | Killed Gaclumyn the pandemonium lord
 80840 | Pan      | Noticed Qeronkef the pandemonium lord
 80890 | Pan      | Killed Qeronkef the pandemonium lord
 80928 | Pan      | Reached skill level 21 in Axes
 81510 | Pan      | Reached skill level 9 in Dodging
 81688 | Pan      | Noticed Osoepp the pandemonium lord
 81706 | Pan      | Killed Osoepp the pandemonium lord
 81883 | Pan      | Identified the +6 short sword of Wealth {antimagic, Dex+2}
 81884 | Pan      | Identified the +8 short sword of Fitsiyb {pain, Str+2}
 81930 | Pan      | Got a demonic rune of Zot
 82751 | Pan      | Entered the realm of Cerebov.
 83206 | Pan      | Identified the +10 hand axe "Gacor" {spect, rF++ Str-2
                  | Stlth+}
 83659 | Pan      | Identified the +1 scimitar "Zeseufesym" {heavy, Int+4}
 83706 | Pan      | Got Cohummeb's Secrets of the Glowing Cwm
 83733 | Pan      | Identified the ring "Mety" {Will+ Dex+3}
 83833 | Pan      | Found the +6 sword of Cerebov {flame}
 83833 | Pan      | Noticed Cerebov
 83838 | Pan      | Killed Cerebov
 83854 | Pan      | Got a fiery rune of Zot
 83872 | Pan      | Got Nuxzusid's Writings on Spagyria and Weather
 83881 | Pan      | Identified the +7 falchion "Koxzut" {drain, Fly Str+3}
 83883 | Pan      | Identified the +6 scimitar of Conscience {freeze, rC++
                  | Int+2}
 83902 | Pan      | Identified the staff of the Spectre {rPois rC- Str+3 Summ
                  | Necro Alchemy}
 83922 | Pan      | Identified the +2 longbow of Okawaru's Scorn {heavy,
                  | *Corrode Str+4 Dex+5}
 84275 | Pan      | Identified the +1 helmet of Fortitude {rElec Slay+2 SInv
                  | Stlth+}
 84286 | Pan      | Found a burning altar of Makhleb.
 84329 | Pan      | Noticed Ignacio
 84349 | Pan      | Killed Ignacio
 84435 | Pan      | Found a basalt altar of Yredelemnul.
 84557 | Pan      | Entered the realm of Lom Lobon.
 84557 | Pan      | Noticed Lom Lobon
 84582 | Pan      | Killed Lom Lobon
 84679 | Pan      | Got a magical rune of Zot
 85440 | Pan      | Found a runed translucent door.
 85450 | Pan      | Found a runed translucent door.
 85461 | Pan      | Found a runed translucent door.
 85464 | Pan      | Found an exit through the horrors of the Abyss.
 85475 | Pan      | Reached skill level 21 in Evocations
 85544 | Pan      | Found a transporter.
 85605 | Pan      | Found a transporter.
 85615 | Pan      | Found an exit through the horrors of the Abyss.
 85826 | Pan      | Identified the amulet of Ammaim {rElec RegenMP+ rCorr
                  | Slay-6 Stlth+}
 85835 | Pan      | Identified the ring of Nihab {rF+ rC+ rCorr}
 85843 | Pan      | Identified the ring "Dycoiwkueje" {^Contam Will++ AC+4 SInv
                  | Stlth+}
 85876 | Pan      | Lost mutation: You are agile. (Dex +4, Str/Int -1) [potion
                  | of mutation]
 85876 | Pan      | Lost mutation: Your spells are a little harder to cast, but
                  | a little more powerful. [potion of mutation]
 85877 | Pan      | Lost mutation: You have a pair of small antennae on your
                  | head. [potion of mutation]
 85915 | Pan      | Entered the realm of Mnoleg.
 85972 | Pan      | Found an exit through the horrors of the Abyss.
 86242 | Pan      | Noticed Mnoleg
 86271 | Pan      | Killed Mnoleg
 86390 | Pan      | Got a glowing rune of Zot
 86482 | Pan      | Entered the realm of Gloorx Vloq.
 86536 | Pan      | Noticed Gloorx Vloq
 86539 | Pan      | Got a dark rune of Zot
 86877 | Pan      | Killed Gloorx Vloq
 87189 | Pan      | Identified the +1 hat of Qoidef {Regen+}
 87285 | Pan      | Found an exit through the horrors of the Abyss.
 87297 | Pan      | Took an exit into the Abyss.
 87297 | Abyss:1  | Escaped into the Abyss
 87297 | Abyss:1  | Found a corrupted altar of Lugonu.
 88027 | Abyss:1  | Paralysed by accursed screaming for 1 turns
 88170 | Abyss:3  | Found a corrupted altar of Lugonu.
 88176 | Abyss:3  | Got an abyssal rune of Zot
 88195 | Abyss:3  | Found a corrupted altar of Lugonu.
 88252 | Abyss:3  | Reached skill level 27 in Axes
 88319 | Depths:2 | Escaped the Abyss
 88365 | Dis:1    | Entered Level 1 of the Iron City of Dis
 89941 | Dis:7    | Entered Level 7 of the Iron City of Dis
 90309 | Dis:7    | Reached skill level 27 in Invocations
 90780 | Dis:7    | Noticed Dispater
 90808 | Dis:7    | Killed Dispater
 90809 | Dis:7    | Noticed a juggernaut
 90828 | Dis:7    | Killed a juggernaut
 90844 | Dis:7    | Identified the +4 acid dragon scales of Untruth {+Blink
                  | Will+ rCorr Dex-5 Stlth+}
 90847 | Dis:7    | Got an iron rune of Zot
 90867 | Dis:7    | Identified the staff of the Messenger {rC+ rN+ Ice}
 91138 | Tar:1    | Entered Level 1 of Tartarus
 91418 | Hell     | HP: 13/270 [tainted leviathan (9)]
 92064 | Tar:3    | Donated 3192 gold pieces to Zin
 93173 | Tar:7    | Entered Level 7 of Tartarus
 93424 | Tar:7    | Reached skill level 27 in Fighting
 93424 | Tar:7    | Reached skill level 27 in Shields
 93428 | Tar:7    | Reached skill level 27 in Armour
 93428 | Tar:7    | Reached skill level 27 in Evocations
 93471 | Tar:7    | Found the +8 arc blade {discharge, rElec}
 93720 | Tar:7    | Noticed Ereshkigal
 93773 | Tar:7    | Killed Ereshkigal
 93805 | Tar:7    | Got a bone rune of Zot
 94291 | Geh:1    | Entered Level 1 of Gehenna
 94786 | Geh:3    | Noticed an ancient lich
 94786 | Geh:3    | Noticed a dread lich
 94786 | Geh:3    | Noticed a dread lich
 94812 | Hell     | Gained mutation: You are vulnerable to heat. (rF-)
                  | [mutagenic glow]
 94824 | Hell     | Lost mutation: You are vulnerable to heat. (rF-) [potion of
                  | mutation]
 94831 | Hell     | Gained mutation: Your muscles are strong. (Str +4, Int/Dex
                  | -1) [mutagenic glow]
 95028 | Hell     | Killed a dread lich
 95035 | Hell     | Killed a dread lich
 95255 | Geh:3    | Killed an ancient lich
 95302 | Geh:3    | Reached skill level 9 in Throwing
 95831 | Geh:7    | Entered Level 7 of Gehenna
 95854 | Geh:7    | Reached skill level 12 in Dodging
 95985 | Geh:7    | Donated 1991 gold pieces to Zin
 96963 | Geh:7    | Identified the +8 dagger of Valuable Assets {flame, Dex+3}
 97234 | Geh:7    | Found the +13 sceptre of Asmodeus
 97234 | Geh:7    | Noticed Asmodeus
 97264 | Geh:7    | Killed Asmodeus
 97305 | Geh:7    | Got an obsidian rune of Zot
 97307 | Geh:7    | Got the Lectures on the Throng and the Fair Folk
 97313 | Geh:7    | Identified the staff of the Inferno {rElec rF+ Str+4 Int+4
                  | Stlth- Fire}
 97579 | Coc:1    | Entered Level 1 of Cocytus
 98288 | Coc:5    | Noticed a dread lich
 98288 | Coc:5    | Noticed an ancient lich
 98288 | Coc:5    | Noticed an ancient lich
 98705 | Coc:5    | Killed a dread lich
 98932 | Coc:5    | Reached skill level 12 in Throwing
 99190 | Coc:5    | Killed an ancient lich
 99332 | Coc:5    | Killed an ancient lich
 99559 | Coc:7    | Entered Level 7 of Cocytus
 99564 | Coc:7    | Paralysed by a wendigo for 1 turns
 99897 | Coc:7    | Paralysed by a wendigo for 1 turns
 99970 | Coc:7    | Noticed the Serpent of Hell
100011 | Coc:7    | Killed the Serpent of Hell
100045 | Coc:7    | Reached skill level 15 in Dodging
100315 | Coc:7    | Found the +5 Lochaber axe {reach-cleave, Poleaxe ^Drain}
100404 | Coc:7    | Noticed Antaeus
100432 | Coc:7    | Got an icy rune of Zot
101056 | Tomb:1   | Upgraded the game from 0.32-a0-747-gc8563f6773 to
                  | 0.32-a0-768-g0f6f1dd4b9
101064 | Tomb:2   | Noticed a royal mummy
101353 | Tomb:3   | Entered Level 3 of the Tomb of the Ancients
101354 | Tomb:3   | Noticed a royal mummy
101354 | Tomb:3   | Noticed a royal mummy
101360 | Tomb:3   | Noticed a royal mummy
101363 | Tomb:3   | Got a golden rune of Zot
101374 | Tomb:3   | Noticed a royal mummy
102073 | Zot:5    | Got the Orb of Zot
102710 | D:1      | Noticed a seraph
102714 | D:$      | Escaped with the Orb!

Illustrated notes

Levels and vault maps discovered:
D:1:      tarquinn_simple_flora_water_c, layout_loops_ring
D:2:      layout_loops_ring
D:3:      layout_loops_cross, mainiacjoe_overflow_catch_the_wave,
          shapermc_ecumenical_altar_mp_ritualfount
D:4:      layout_basic, nemelex_spade_bored_becter, kennysheep_mini_moat,
          vehumet_crystals, hellmonk_sif_muna_bookshelves, serial_shops, shop,
          uniq_robin, uniq_eustachio, uniq_sigmund, uniq_pikel
D:5:      layout_loops_ring, minmay_temple_entry_antechambers, uniq_menkaure,
          uniq_edmund
D:6:      layout_loops_ring, grunt_dithmenos_shadows,
          mainiacjoe_overflow_six_doors_small, nicolae_ru_awakened_eye,
          minmay_misc_feat_diagonals, uniq_crazy_yiuf_cottage
D:7:      layout_loops_cross, kennysheep_nub
D:8:      layout_basic, serial_shops, nicolae_shop_bloodbath_and_beyond, shop,
          shop, shop, nicolae_shop_peninsula
D:9:      layout_loops_ring, nicolae_overflow_hidden_temple, enter_bailey_5
D:10:     layout_rooms, chequers_temple_overflow_statue_of_worship, orc_0_dummy,
          enter_trove_3, uniq_lodul
D:11:     minmay_tile_spiral, layout_basic, lair_entry_dummy, okawaru_humans,
          uniq_urug, uniq_psyche
D:12:     layout_loops_corners, serial_shops, nicolae_shop_window_shopping
D:13:     layout_big_octagon, david_vaults_2, serial_shops,
          nicolae_shop_rolling_square, portal_ice_cave_demonic_guard,
          gauntlet_entry_generic, grunt_gozag_statues
D:14:     minmay_the_grid_triangle_9x9_rhombus_full
          [minmay_the_grid_triangle_9x9_sprig,
          minmay_the_grid_triangle_9x9_dagger,
          minmay_the_grid_triangle_9x9_swiss_cheese,
          minmay_the_grid_triangle_9x9_minimal,
          minmay_the_grid_triangle_9x9_flanged_cone,
          minmay_the_grid_triangle_9x9_fully_insulated_deathbox,
          minmay_the_grid_triangle_9x9_descending_squares,
          minmay_the_grid_triangle_9x9_prize_center], layout_basic, uniq_snorg,
          uniq_kirke
D:15:     hellmonk_depths_entry_around_the_bend, layout_basic, basic_altar,
          kennysheep_treasure_room
Temple:   cyrus_temple_forest
Lair:1:   layout_loops_ring, serial_bayou_pond_a, minmay_shattered_shrine
Lair:2:   layout_roguey, skrybe_swamp_entry_bodies, serial_bayou_pond_e,
          lemuel_fruit_fields, uniq_harold
Lair:3:   layout_loops_ring, spider_nest_entry_web_field
Lair:4:   nzn_winding_woodlands_stair_cross [nzn_winding_woodlands_5x15_pool,
          nzn_winding_woodlands_center_triple_pond,
          nzn_winding_woodlands_5x15_split_checker,
          nzn_winding_woodlands_hourglass, nzn_winding_woodlands_5x5_default,
          nzn_winding_woodlands_5x15_garden,
          nzn_winding_woodlands_center_garden,
          nzn_winding_woodlands_5x15_sidewinder], layout_loops_ring
Lair:5:   hangedman_lair_tendril_chambers, layout_gridlike, wormcave,
          nicolae_slime_entry_field_trip, nicolae_volcano_entry_batcave
Swamp:1:  layout_basic_swamp, evilmike_swamp_ruin_rubble_1,
          infiniplex_staircase_pool, nicolae_swamp_tree_isthmus
Swamp:2:  layout_basic_swamp, infiniplex_staircase_pool_2, uniq_louise,
          uniq_roxanne, uniq_frances
Swamp:3:  layout_falls_marsh, evilmike_swamp_ruin_house_5, uniq_bai_suzhen
Swamp:4:  swamp_basic_johnstein, layout_basic_swamp, swamp_pool_1_2,
          nicolae_swamp_tree_designs, nicolae_swamp_decorative_isthmus
Spider:1: layout_chambers, drop_trap, hive_lemuel, uniq_jorgrun
Spider:2: layout_spider_delve, uniq_agnes, uniq_arachne
Spider:3: cheibrodos_spider_deadly_dance, nicolae_spider_moth_buddies
Spider:4: hellmonk_spider_rune_endless_swarm, uniq_asterion
Slime:1:  layout_caves
Slime:2:  cheibrodos_slime_lost_civilization_1, layout_caves
Slime:3:  layout_caves
Slime:4:  layout_caves
Slime:5:  slime_pit
Orc:1:    layout_diamond_mine, mines2_david
Orc:2:    st_orc_congregation, layout_caves, hangedman_minor_magic
Elf:1:    eino_elf_arrival_the_gate, layout_geoelf_grid, basic_altar,
          serial_glass, glass_columns_a, glass_columns_c, glass_columns_b,
          glass_columns_c, item_on_display_a, due_unseen_surprise,
          item_on_display_a, minmay_strange_pillars, minmay_elf_demonology
Elf:2:    elven_hall_of_blades_hangedman_original
          [nicolae_blade_entry_crossed_weapons], layout_loops_corners,
          minivault_11
Elf:3:    minmay_elf_hall_dome, layout_gridlike, serial_shops, shop,
          grunt_megastairs_1
Vaults:1: biasface_ghost_orc_armoury, nicolae_vaults_circle_grid_a, v_pattern_2,
          vaults_room_pool, ontoclasm_vaults_pinch, hangedman_vaults_trim,
          nicolae_vaults_sesquioval_fish, layout_vaults_big_room, uniq_boris
Vaults:2: vaults_dpeg_diagonal, lightli_orcish_oven,
          nicolae_vaults_storage_closets_2, minmay_crypt_entry_necro_gods,
          nicolae_vaults_little_squares_1, nicolae_vaults_trapezoid_lopsided_1,
          nicolae_vaults_six-pack, nicolae_vaults_gold_heap,
          layout_vaults_omnigrid, uniq_mennas, uniq_frederick, uniq_donald
Vaults:3: nicolae_vaults_layer_cake_slice, vaults_room_corners,
          nicolae_vaults_what_the_h, nicolae_vaults_closet_pinwheel_1,
          hangedman_vaults_snaps, nicolae_vaults_wine_cellar,
          nicolae_vaults_theta, nicolae_vaults_tetromino_L_2,
          nicolae_vaults_alarming, nicolae_vaults_swerve, v_misc_22, v_misc_24,
          nicolae_vaults_octagons, nicolae_vaults_tetromino_T_2, v_misc_17,
          layout_vaults_maze, serial_shops, statue_bzr, uniq_margery, uniq_mara,
          uniq_saint_roka
Vaults:4: nicolae_vaults_heart-shaped_vault, dpeg_vaults_monster_row,
          nicolae_vaults_security_offices_6, nicolae_vaults_network_barrier,
          nicolae_vaults_little_squares_5, nicolae_vaults_six-pack,
          nicolae_vaults_trapezoid_3, v_alt_pattern_1, v_misc_27, v_misc_19,
          vaults_dpeg_encased_lava, vaults_room_fours, layout_vaults_omnicross
Vaults:5
Crypt:1:  layout_gridlike, grunt_crypt_arrival_guarded_gate, uniq_khufu
Crypt:2:  evilmike_wizard_prison, layout_rooms, grunt_megastairs_2
Crypt:3:  cryptofortress_bobbens, uniq_jory
Tomb:1
Tomb:2
Tomb:3
Depths:1: layout_forbidden_donut, enter_ziggurat_a, abyss_entry, hell_entry,
          serial_sigils_hangedman_scar, kennysheep_small_spiral,
          xom_confusion_cloud
Depths:2: impenetrable_vault, layout_small_grid, abyss_entry,
          gammafunk_ghost_tricky_traps, hell_entry, grunt_pan_entry_spiral,
          library_closet, infiniplex_staircase_9_rooms, uniq_grunn
Depths:3: minmay_ornate_pinched, layout_cave_pools, serial_column_ruins,
          column_ruins_columns_straight, column_ruins_grid_1,
          column_ruins_grid_3, column_ruins_columns_corner,
          column_ruins_open_tiny, hangedman_coc_ice_floe,
          grunt_pan_entry_in_and_out, nicolae_qazlal_style_of_elements,
          abyss_entry_glasseish
Depths:4: grunt_zot_entry_bicorn, layout_cave_shapes, grunt_hell_horde,
          abyss_entry_crystal, minmay_misc_feat_roman, serial_bayou_shore_b
Hell
Dis:1:    layout_jigsaw
Dis:2:    layout_gridville
Dis:3:    layout_jigsaw, nicolae_dis_fourth_circle
Dis:4:    layout_regular_city, nicolae_hells_seeping_fissure
Dis:5:    layout_gridville, nicolae_dis_big_boring_drill
Dis:6:    layout_jigsaw
Dis:7:    dis_st
Geh:1:    layout_gehenna_lava_caves
Geh:2:    layout_gehenna_pools_triple
Geh:3:    layout_gehenna_lava_caves, nicolae_geh_liches_on_tour
Geh:4:    layout_gehenna_lava_caves
Geh:5:    nicolae_geh_symmetric_flows, layout_gehenna_pools_triple
Geh:6:    layout_gehenna_pools_box, nicolae_geh_fourpack
Geh:7:    geh_grunt_pentagon
Coc:1:    layout_cocytus_water_paths
Coc:2:    layout_ice_bergs
Coc:3:    layout_cocytus_water_paths
Coc:4:    layout_ice_bergs
Coc:5:    layout_ice_bergs, nicolae_coc_liches_on_tour
Coc:6:    layout_cocytus_water_paths
Coc:7:    coc_old
Tar:1:    layout_cathedral_of_symmetry, evilmike_ambush
          [evilmike_ambush_outer_doors, evilmike_ambush_inner_cross]
Tar:2:    layout_honeycomb
Tar:3:    layout_grid_maze, nicolae_hells_fiendish_ambush
Tar:4:    layout_grid_maze
Tar:5:    layout_honeycomb
Tar:6:    layout_grid_maze
Tar:7:    tar_old
Zot:1:    nicolae_zot_draconian_monastery, layout_misc_corridors
Zot:2:    hellmonk_crystal_mountain, layout_twisted_circle
Zot:3:    layout_misc_corridors, regret_index_zotdec_carving_tricks
Zot:4:    kennysheep_bubbly, layout_misc_corridors, uniq_parghit
Zot:5:    layout_basic, grunt_megastairs_5

Skill      XL: |  1  2  3  4  5  6  7  8  9 10 11 12 13 14 15 16 17 18 19 20 21 22 23 24 25 26 27 |
---------------+----------------------------------------------------------------------------------+-----
Axes           | 4 5 6 8 9 10 12 14 17 18 27 | 27.0
Shields        | 1 2 4 6 7 9 11 13 14 15 17 18 19 22 24 25 27 | 27.0
Fighting       | 4 5 7 9 11 12 14 17 18 19 21 23 24 25 27 | 27.0
Armour         | 3 5 6 8 9 10 12 14 18 19 21 23 24 25 27 | 27.0
Throwing       | 3 6 14 | 14.7
Evocations     | 5 10 13 15 17 18 27 | 27.0
Dodging        | 4 5 6 7 15 | 15.6
Invocations    | 14 24 26 27 | 27.0

Action                     |  1- 3 |  4- 6 |  7- 9 | 10-12 | 13-15 | 16-18 | 19-21 | 22-24 | 25-27 || total
---------------------------+-------+-------+-------+-------+-------+-------+-------+-------+-------++-------
  Melee: Hand axe          |   126 |   153 |   585 |   149 |       |       |       |       |       ||  1013
         War axe           |       |       |       |   168 |       |       |       |       |       ||   168
         Broad axe         |       |       |       |   331 |  1324 |  1744 |  1906 |  2419 |  7627 || 15351
         Mace              |       |       |       |       |     5 |       |       |       |       ||     5
  Throw: Dart              |       |       |       |    33 |     6 |     1 |     3 |     1 |    16 ||    60
         Throwing net      |       |       |       |     3 |       |       |       |       |     4 ||     7
 Invoke: Berserk           |       |     2 |     7 |     4 |     6 |     5 |     7 |       |       ||    31
         Trog's Hand       |       |       |     3 |     2 |       |     1 |     5 |     2 |       ||    13
         Brothers in Arms  |       |       |       |       |     1 |     1 |     6 |     2 |       ||    10
         Divine Shield     |       |       |       |       |       |       |       |     4 |       ||     4
         Vitalisation      |       |       |       |       |       |       |       |     1 |    87 ||    88
         Recite            |       |       |       |       |       |       |       |     1 |    58 ||    59
         Donate Gold       |       |       |       |       |       |       |       |     1 |     2 ||     3
         Brand Weapon With |       |       |       |       |       |       |       |     1 |       ||     1
         Sanctuary         |       |       |       |       |       |       |       |       |    11 ||    11
  Evoke: Wand              |       |     1 |     3 |    21 |     3 |    25 |    13 |    16 |    57 ||   139
         Condenser vane    |       |       |       |       |       |       |     1 |     1 |       ||     2
         Sack of spiders   |       |       |       |       |       |       |       |     1 |     2 ||     3
         Phantom mirror    |       |       |       |       |       |       |       |       |     1 ||     1
         Lightning rod     |       |       |       |       |       |       |       |       |     5 ||     5
    Use: Scroll            |       |       |       |    12 |    23 |     2 |     7 |     4 |    51 ||    99
         Potion            |       |       |       |     2 |       |     2 |     7 |     4 |    55 ||    70
   Stab: Distracted        |       |       |       |       |       |     1 |     2 |     1 |     5 ||     9
         Invisible         |       |       |       |       |       |     2 |     9 |     4 |    14 ||    29
         Confused          |       |       |       |       |       |       |       |       |    61 ||    61
         Paralysed         |       |       |       |       |       |       |       |       |     3 ||     3
         Held in net/web   |       |       |       |       |       |       |       |       |    10 ||    10
 Armour: Animal skin       |    70 |       |       |       |       |       |       |       |       ||    70
         Leather armour    |    12 |    59 |       |       |       |       |       |       |       ||    71
         Chain mail        |       |    25 |   278 |    68 |   271 |  1017 |   567 |       |       ||  2226
         Plate armour      |       |       |       |   112 |    72 |       |       |       |       ||   184
         Ring mail         |       |       |       |       |    11 |       |       |       |       ||    11
         Ice dragon scales |       |       |       |       |    23 |       |       |       |       ||    23
         Fire dragon scale |       |       |       |       |    21 |       |    17 |       |       ||    38
         Storm dragon scal |       |       |       |       |       |       |    40 |   822 |   568 ||  1430
         Gold dragon scale |       |       |       |       |       |       |       |       |  1825 ||  1825
  Dodge: Dodged            |    65 |    54 |   288 |   159 |   214 |   345 |   196 |   254 |   923 ||  2498
         Repelled          |       |       |       |       |    11 |       |       |       |       ||    11
  Block: Buckler           |    11 |    16 |   112 |    39 |       |       |       |       |       ||   178
         Kite shield       |       |       |       |   148 |   534 |   942 |   175 |       |       ||  1799
         Tower shield      |       |       |       |       |       |       |   809 |  1688 |  6659 ||  9156

Table legend: (Time is in decaauts)
 A = Elapsed time spent in this place.
 B = Non-inter-level travel time spent in this place.
 C = Inter-level travel time spent in this place.
 D = Time resting spent in this place.
 E = Time spent auto-exploring this place.
 F = Levels seen in this place.
 G = Mean time per level.
                   A        B        C        D        E       F      G
               +--------+--------+--------+--------+--------+-----+--------+
         Total |  95469 |  78810 |  16659 |  12521 |  39584 | 114 |  837.4 |
       Dungeon |  20294 |  14308 |   5986 |   1140 |   9812 |  15 | 1352.9 |
        Temple |     61 |     31 |     30 |      0 |      0 |   1 |   61.0 |
          Lair |   7497 |   5830 |   1667 |    607 |   3705 |   5 | 1499.4 |
         Swamp |   3423 |   3084 |    339 |    388 |   1799 |   4 |  855.8 |
   Spider Nest |   5028 |   4682 |    346 |   1020 |   2396 |   4 | 1257.0 |
    Slime Pits |   1160 |   1125 |     35 |    617 |    109 |   5 |  232.0 |
  Orcish Mines |   1489 |   1261 |    228 |     92 |    660 |   2 |  744.5 |
   Elven Halls |   2778 |   2586 |    192 |    133 |   1725 |   3 |  926.0 |
        Vaults |   9912 |   8033 |   1879 |    972 |   4915 |   5 | 1982.4 |
         Crypt |   4584 |   3251 |   1333 |    101 |   1648 |   3 | 1528.0 |
          Tomb |   2332 |   2072 |    260 |    718 |    460 |   3 |  777.3 |
        Depths |   6597 |   5002 |   1595 |    422 |   3038 |   4 | 1649.2 |
          Hell |   1671 |   1434 |    237 |    628 |    584 |   1 | 1671.0 |
           Dis |   2109 |   1874 |    235 |    367 |    490 |   7 |  301.3 |
       Gehenna |   2417 |   2228 |    189 |    460 |    749 |   7 |  345.3 |
       Cocytus |   2250 |   2034 |    216 |   1072 |     40 |   7 |  321.4 |
      Tartarus |   2217 |   2098 |    119 |    307 |    946 |   7 |  316.7 |
           Zot |   9970 |   8206 |   1764 |   2078 |   3273 |   5 | 1994.0 |
         Abyss |    925 |    925 |      0 |     62 |    507 |   3 |  308.3 |
   Pandemonium |   5939 |   5939 |      0 |    439 |   2244 |  17 |  349.4 |
        Bazaar |    340 |    340 |      0 |      0 |    168 |   1 |  340.0 |
         Trove |    154 |    154 |      0 |    100 |      5 |   1 |  154.0 |
        Bailey |    933 |    933 |      0 |    560 |     11 |   1 |  933.0 |
      Ice Cave |    309 |    309 |      0 |    131 |      0 |   1 |  309.0 |
       Volcano |    453 |    453 |      0 |     97 |     16 |   1 |  453.0 |
      Gauntlet |    614 |    614 |      0 |      3 |    282 |   1 |  614.0 |
               +--------+--------+--------+--------+--------+-----+--------+

Top non-repeatable levels by time:
   Zot:5: 3573 daAuts
Vaults:2: 3113 daAuts
Depths:2: 2295 daAuts
Vaults:5: 2150 daAuts
    D:14: 2119 daAuts
   Zot:1: 2098 daAuts
    D:11: 2067 daAuts
  Tomb:1: 2016 daAuts
Depths:4: 1875 daAuts
 Crypt:3: 1819 daAuts
     D:6: 1747 daAuts
  Lair:1: 1740 daAuts
  Lair:5: 1722 daAuts
Spider:1: 1696 daAuts
Vaults:3: 1686 daAuts
